 Dungeon Crawl Stone Soup version 0.21.1-1-g345015f (webtiles) character file.

55 prawnwizard the Shooter (level 3, -2/29 HPs)
             Began as a Centaur Hunter on July 10, 2018.
             Slain by an adder (3 damage)
             ... on level 2 of the Dungeon.
             The game lasted 00:02:57 (672 turns).

prawnwizard the Shooter (Centaur Hunter)             Turns: 672, Time: 00:02:58

Health: -2/29      AC:  4    Str: 13 (15) XL:     3   Next: 67%
Magic:  3/3        EV:  9    Int: 15 (17) God:
Gold:   93         SH:  0    Dex:  8 (9)  Spells: 2/2 levels left

rFire    + . .     SeeInvis .   a - +1 shortbow
rCold    . . .     Gourm    .   (shield currently unavailable)
rNeg     . . .     Faith    .   c - +0 leather armour
rPois    .         Spirit   .   (no helmet)
rElec    .         Reflect  .   (no cloak)
rCorr    .         Harm     .   (no gloves)
MR       .....                  (no barding)
Stlth    ..........             (no amulet)
HPRegen  0.09/turn              (no ring)
MPRegen  0.08/turn              (no ring)

@: brilliant, lethally poisoned (-2 -> -4), hasted, very quick
A: large, hooves 3, clever 1, deformed body, fire resistance 1, speed 2, tough
skin 3
a: no special abilities


You were on level 2 of the Dungeon.
You were not hungry.

You visited 1 branch of the dungeon, and saw 2 of its levels.

You collected 93 gold pieces.

Inventory:

Hand Weapons
 a - a +1 shortbow (weapon)
 b - a +0 short sword
Missiles
 d - 4 arrows (quivered)
Armour
 c - a +0 leather armour (worn)
Jewellery
 m - a +2 amulet of reflection {unknown}
Scrolls
 i - a scroll of amnesia {unknown}
 k - 3 scrolls of identify {unknown}
 n - a scroll of teleportation {unknown}
 q - a scroll of remove curse {unknown}
Potions
 l - a potion of magic
 p - 2 potions of curing {unknown}
 r - a potion of agility {unknown}
Comestibles
 f - 4 rations
 g - 4 chunks of flesh


   Skills:
 + Level 2.1 Fighting
 + Level 0.1 Short Blades
 * Level 6.6 Bows
 + Level 0.3 Armour
 + Level 1.7 Dodging
 - Level 0.4 Stealth


You had 2 spell levels left.
You didn't know any spells.

Dungeon Overview and Level Annotations

Branches:
Dungeon (2/15)

Altars:


Innate Abilities, Weirdness & Mutations

You have hooves in place of feet.
Armour fits poorly on your strangely shaped body.
You cover ground very quickly.
You have extremely tough skin. (AC +3)
Your mind is acute. (Int +2)
Your flesh is heat resistant. (rF+)


Message History

You feel sick. The dart slug launches a dart at you. The slug dart hits you!
* * * LOW HITPOINT WARNING * * *
It was a potion of brilliance.
You feel clever all of a sudden. The adder barely misses you.
It was a potion of magic.
Magic courses through your body. The adder bites you but does no damage.
It was a potion of haste.
You feel yourself speed up.
* * * LOW HITPOINT WARNING * * *
You feel sick. The adder bites you but does no damage.
It was a potion of degeneration.
There was something very wrong with that liquid.
You feel weakened.
You feel dopey.
You feel clumsy. The adder closely misses you.
It was a potion of mutation.
You feel extremely strange.
You feel resistant to heat.
You feel clever. The adder bites you.
You die...

#.# ##.##.## #..# #.#
#......####..# #(#
#..##........# #.#
#..##.#####..# #.#
#..##.# #..#
######.###..##.# #..#
..........<.....#####..#
##########..........#..#
#.@#####......#####
#.S#####.#).......#
#####.wK..........###.#
.........w...#....# .#
###>####.#####K...# .#
#. #.# #..#.###.#
##.####.#####(...((...
#..........K.(##......
#..####.##...........#


You could see an adder, a dart slug and a kobold.

Vanquished Creatures
  An adder (D:2)
  An ooze (D:2)
  3 dart slugs
  2 leopard geckos (D:1)
  A ball python (D:2)
  2 bats (D:1)
  5 goblins (D:1)
  7 hobgoblins
  2 frilled lizards
  4 kobolds
  3 rats
31 creatures vanquished.

Notes
Turn   | Place    | Note
-------+----------+-------------------------------------------
     0 | D:1      | prawnwizard the Centaur Hunter began the quest for the Orb.
     0 | D:1      | Reached XP level 1. HP: 17/17 MP: 1/1
    56 | D:1      | Reached XP level 2. HP: 17/24 MP: 2/2
   148 | D:1      | Reached skill level 6 in Bows
   282 | D:1      | Reached XP level 3. HP: 25/29 MP: 3/3
   670 | D:2      | HP: 1/29 [poisoned by an adder]
   672 | D:2      | Gained mutation: Your flesh is heat resistant. (rF+) [potion of mutation]
   672 | D:2      | Gained mutation: Your mind is acute. (Int +2) [potion of mutation]
   672 | D:2      | Slain by an adder

Skill      XL: |  1  2 |
---------------+-------+-----
Bows           | 6 |  6.6
Fighting       | |  2.1
Short Blades   | |  0.1
Armour         | |  0.3
Dodging        | |  1.7
Stealth        | |  0.4

Action                   || total
-------------------------++-------
Melee: Shortbow          ||     2
       Short sword       ||    50
       Kick              ||    16
 Fire: Shortbow          ||    34
  Use: Potion            ||     5
Armor: Leather armour    ||    32
Dodge: Dodged            ||    39
